Map: Terraform LE (Void)

Players

SticklerMac - Winner!

  • Race: Zerg Zerg
  • League: Silver

SeigeTank

  • Race: Terran Terran
  • League: Silver

VOD

Have the link to the VOD?

Description

Time

  • Played on: Aug. 23, 2015, 1:44 p.m.
  • Length: 5:24
Show
View Real Time Build Order
Export as new Build Order

SticklerMac Zerg - Winner!

Build Orders: Hatch First, Zergling Baneling 

Get SALT Encoding   

  12  0:01  Drone  
  13  0:10  Drone  
  14  0:17  Overlord  
  14  0:35  Drone x3  
  17  0:59  Hatchery, Drone  
  17  1:01  Drone  
  18  1:04  Extractor  
  18  1:07  Drone  
  18  1:20  Spawning Pool  
  18  1:22  Drone  
  18  1:30  Drone  
  19  1:40  Drone  
  20  1:50  Drone  
  21  2:01  Drone  
  21  2:08  Metabolic Boost  
  22  2:10  Queen x2  
  22  2:12  Drone  
  22  2:13  Drone  
  28  2:37  Baneling Nest, Drone  
  28  2:56  Overlord  
  28  2:57  Overlord x2  
  28  3:02  Hatchery  
  27  3:08  Drone  
  28  3:21  Zergling x12  
  28  3:22  Zergling x4  
  36  3:30  Drone x2  
  38  3:40  Drone x2  
  40  3:50  Zergling x4  
  40  3:51  Zergling x8  
  46  3:59  Baneling  
  46  4:00  Baneling x9  
  46  4:01  Zergling x2  
  46  4:02  Zergling x2  
  48  4:12  Zergling x2  
  49  4:17  Zergling x2  
  49  4:22  Zergling x8  
  49  4:23  Zergling x2  
  55  4:27  Baneling  
  55  4:28  Baneling x2  
  55  4:29  Zergling x2  
  56  4:39  Zergling x4  
  48  4:54  Zergling x12  
  51  5:00  Zergling x2  
Show
View Real Time Build Order
Export as new Build Order

SeigeTank Terran 

Build Orders:  

Get SALT Encoding   

  12  0:00  SCV  
  13  0:14  Supply Depot  
  13  0:17  SCV  
  14  0:36  Barracks  
  14  0:39  SCV  
  15  0:43  Refinery  
  15  0:51  SCV  
  16  0:58  Supply Depot  
  16  1:04  Refinery  
  16  1:10  SCV  
  17  1:29  SCV  
  17  1:32  Reaper  
  19  1:42  SCV  
  19  1:43  Supply Depot  
  20  1:51  Factory  
  20  1:54  SCV  
  21  2:18  Orbital Command  
  21  2:23  Supply Depot  
  21  2:36  Factory Tech Lab  
  21  2:37  Starport  
  21  2:54  SCV, Marine  
  23  3:09  Siege Tank  
  25  3:19  Medivac  
  27  3:23  Engineering Bay  
  27  3:25  SCV  
  28  3:39  SCV  
  29  3:42  Supply Depot  
  29  3:46  Cyclone  
  32  3:51  Barracks Reactor  
  32  4:05  Starport Tech Lab  
  32  4:14  Armory  
  32  4:19  SCV  
  33  4:27  Missile Turret  
  33  4:29  Siege Tank  
  33  4:30  Marine x2  
  38  4:38  Supply Depot  
Tags
 
Add a new tag
Caveats
  • Supply blocks, unpowered buildings, or Contaminate may cause inaccurate times.
  • Supply counts are checked every 10 seconds.